 Dungeon Crawl Stone Soup version 0.30.0-29-ga12c61a403 (webtiles) character file.

Game seed: 5149661122703232829

44418 DemonSlayer the Covert (level 13, -7/88 HPs)
             Began as a Demonspawn Earth Elementalist on June 4, 2023.
             Was the Champion of Dithmenos.
             Mangled by a tentacled starspawn (14 damage)
             ... on level 3 of the Abyss.
             The game lasted 00:56:44 (17988 turns).

DemonSlayer the Covert (DsEE)                      Turns: 17988, Time: 00:56:44

Health: -7/88      AC:  7    Str: 10    XL:     13   Next: 96%
Magic:  15/27      EV: 20    Int: 16    God:    Dithmenos [******]
Gold:   1387       SH:  0    Dex: 20    Spells: 9/33 levels left

rFire   . . .        D - +6 dagger (flame)
rCold   . . .        (no shield)
rNeg    . . .        S - +0 troll leather armour
rPois   +            H - +0 helmet
rElec   .            h - +0 cloak
rCorr   .            r - +0 pair of gloves
SInv    .            (no boots)
Will    .....        a - amulet "Qowk" {Rampage +Blink Regen+ Stlth+} Stlth ****++++++
                     g - ring of poison resistance
HPRegen 0.00/turn    E - +5 ring of evasion
MPRegen 0.40/turn

%: rampage
@: sick, wreathed by umbra, studying Dodging, invisible
A: thin skeletal structure 1, magic regeneration, demonic magic 3, weakness
stinger 1
a: Renounce Religion, Evoke Blink, Shadow Step, Shadow Form


You were on level 3 of the Abyss.
You worshipped Dithmenos.
Dithmenos was exalted by your worship.
You visited 3 branches of the dungeon, and saw 18 of its levels.
You visited the Abyss 1 time.
You also visited: Ossuary.

You collected 1527 gold pieces.
You spent 140 gold pieces at shops.

Inventory:

Hand Weapons
 D - a +6 dagger of flaming (weapon)
Missiles
 J - 6 curare-tipped darts
 U - a throwing net
Armour
 h - a +0 cloak (worn)
 r - a +0 pair of gloves (worn)
 H - a +0 helmet (worn)
 S - a +0 troll leather armour (worn)
Jewellery
 a - the amulet "Qowk" (around neck) {Rampage +Blink Regen+ Stlth+}
   (You found it on level 9 of the Dungeon)

   [amulet of regeneration]

   +Blink:    It lets you blink.
   Regen:     It increases your rate of health regeneration.
   Rampage:   It bestows one free step when moving towards enemies.
   Stlth:     It makes you more stealthy.
 g - a ring of poison resistance (left hand)
 u - a ring of flight
 E - a +5 ring of evasion (right hand)
 Q - a ring of resist corrosion
Wands
 c - a wand of charming (10)
 d - a wand of roots (11)
 w - a wand of polymorph (24)
 A - a wand of digging (6)
 B - a wand of flame (6)
Scrolls
 e - 2 scrolls of torment
 f - 6 scrolls of magic mapping
 j - 7 scrolls of teleportation
 k - 9 scrolls of fear
 m - 5 scrolls of enchant armour
 n - 2 scrolls of blinking
 q - 2 scrolls of vulnerability {unknown}
 y - 3 scrolls of noise {unknown}
 F - a scroll of fog {unknown}
 G - 2 scrolls of amnesia
 I - 8 scrolls of poison
 L - a scroll of immolation
 P - a scroll of acquirement {unknown}
 R - a scroll of butterflies
 T - a scroll of identify
 W - 3 scrolls of silence {unknown}
Potions
 b - 4 potions of magic
 i - 7 potions of curing
 l - 7 potions of brilliance
 o - 5 potions of attraction
 p - a potion of invisibility
 s - a potion of flight {unknown}
 t - a potion of haste {unknown}
 v - 2 potions of cancellation
 x - 5 potions of ambrosia
 z - 2 potions of lignification
 C - 2 potions of resistance
 K - 4 potions of heal wounds
 M - 2 potions of berserk rage {unknown}
 N - 2 potions of might
Miscellaneous
 O - a phial of floods
 V - a box of beasts


   Skills:
 + Level 3.7 Fighting
 + Level 6.1 Short Blades
 + Level 3.0 Armour
 + Level 5.7 Dodging
 + Level 14.7 Stealth
 + Level 10.8 Spellcasting
 + Level 6.3 Conjurations
 + Level 0.8 Transmutations
 + Level 10.5 Earth Magic
 + Level 0.4 Evocations


You had 9 spell levels left.
You knew the following spells:

 Your Spells              Type           Power      Damage    Failure   Level
a - Sandblast             Erth           84%        2d18      1%          1
b - Passwall              Tmut/Erth      21%        N/A       1%          2
c - Stone Arrow           Conj/Erth      70%        3d11      1%          3
d - Summon Guardian Gole  Hex/Summ       8%         N/A       32%         3
e - Petrify               Tmut/Erth      26%        N/A       11%         4
f - Ignite Poison         Fire/Tmut/Pois 9%         N/A       28%         3
g - Metabolic Englaciati  Hex/Ice        4%         N/A       97%         5
h - Swiftness             Air            8%         N/A       32%         3

Your spell library contained the following spells:

 Spells                   Type           Power      Damage    Failure   Level
 Hailstorm                Conj/Ice       18%        3d6       9%          3
 Necrotise                Necr           32%        1d5       11%         1
 Ensorcelled Hibernation  Hex/Ice        16%        N/A       17%         2
 Lesser Beckoning         Tloc           16%        N/A       17%         2
 Sticky Flame             Conj/Fire      18%        2d4       30%         4
 Gell's Gravitas          Tloc           8%         N/A       32%         3
 Teleport Other           Tloc           8%         N/A       32%         3
 Vampiric Draining        Necr           8%         2d6       32%         3
 Ice Form                 Ice/Tmut       10%        N/A       67%         4
 Summon Ice Beast         Ice/Summ       8%         N/A       73%         4
 Statue Form              Tmut/Erth      17%        N/A       86%         6
 Agony                    Necr           8%         N/A       97%         5
 Summon Mana Viper        Hex/Summ       8%         N/A       97%         5
 Simulacrum               Ice/Necr       4%         N/A       100%        6
 Monstrous Menagerie      Summ           4%         N/A       100%        7
 Orb of Destruction       Conj           14%        9d7       100%        7
 Spellforged Servitor     Conj/Summ      9%         N/A       100%        7
 Ignition                 Fire           4%         3d4       100%        8


Dungeon Overview and Level Annotations

Branches:
Dungeon (14/15)            Temple (1/1) D:4            Lair (3/5) D:8
  Swamp (0/4) Lair:2       Spider (0/4) Lair:3          Orc (0/2) D:12
 Vaults (0/5) D:14        Ossuary (visited)

Altars:
Ashenzari
Dithmenos
Fedhas
Gozag
Hepliaklqana
Kikubaaqudgha
Makhleb
Nemelex Xobeh
Ru
Sif Muna
Trog
Uskayaw
Vehumet
Wu Jian
Xom
Yredelemnul
Lugonu

Shops:
D:9 (([(*   D:14 *?([

Portals:
Abyss: Lair:2


Innate Abilities, Weirdness & Mutations

You have a somewhat thin skeletal structure. (Dex +2, Stealth+)
You regenerate magic rapidly.
Spells you cast and wands you use may paralyse nearby enemies.
You have a small tail.


Message History

Dithmenos accepts your kill. The tentacled starspawn misses you. x2
Casting: Stone Arrow (safe; 1% risk of failure)
Confirm with . or Enter, or press ? or * to list all spells.
Aiming: Stone Arrow (safe; 1% risk of failure)
Press: ? - help, Shift-Dir - straight line, f - tentacled starspawn
Aim: a tentacled starspawn (unable to see you, umbra, 91% to hit)
The stone arrow hits the tentacled starspawn!
The tentacled starspawn is lightly damaged.
Malevolent energies surge around you. The tentacled starspawn misses you.
The tentacled starspawn completely misses you.
Casting: Stone Arrow (safe; 1% risk of failure)
Confirm with . or Enter, or press ? or * to list all spells.
Aiming: Stone Arrow (safe; 1% risk of failure)
Press: ? - help, Shift-Dir - straight line, f/p - tentacled starspawn
Aim: a tentacled starspawn (lightly damaged, unable to see you, umbra, 91% to hit)
The stone arrow hits the tentacled starspawn!
The tentacled starspawn is moderately damaged.
Malevolent energies surge around you.
Your shadow mimicks your spell!
The shadow shard hits the tentacled starspawn!!
The tentacled starspawn completely misses you. x2
Casting: Stone Arrow (safe; 1% risk of failure)
Confirm with . or Enter, or press ? or * to list all spells.
Aiming: Stone Arrow (safe; 1% risk of failure)
Press: ? - help, Shift-Dir - straight line, f/p - tentacled starspawn
Aim: a tentacled starspawn (severely damaged, unable to see you, umbra, 91% to hit)
The stone arrow hits the tentacled starspawn!
The tentacled starspawn is severely damaged.
Malevolent energies surge around you. The tentacled starspawn bites you!!
* * * LOW HITPOINT WARNING * * *
You emit a cloud of dark smoke.
The tentacled starspawn tentacle-slaps you!
* * * LOW HITPOINT WARNING * * *
You fail to use your ability.
A tentacle flies out from the starspawn's body!
A starspawn tentacle comes into view.
You feel better. The tentacled starspawn misses you.
The tentacled starspawn tentacle-slaps you!
You die...

# .# . #. #
# . # #####
# .
_#.#.#.# #
#. ##.###
.. .# ###§#
..#. ...
##X@#.# #
.#.# #
###.§##§.##
# # #..##.
...## .# .
. ## .#.
#...#. . #
. # . ..##.
..##.. # #
# # # 3 _
.#.#.#... .
# . # #
#.#... . ##
#...#.#.
.#### #
..#...# #
..#


You could see a tentacled starspawn (unable to see you).

Vanquished Creatures
  3 hydras
  2 two-headed ogres
  2 centaur warriors
  4 skeletal warriors (D:14)
  A deep troll (shapeshifter) (D:13)
  2 deep elf pyromancers
  2 ugly things
  A necromancer (D:14)
  3 cyclopes
  2 worldbinders (Abyss:3)
  6 manticores
  2 will-o-the-wisps
  6 elephants (Lair:3)
  A black mamba (Lair:3)
  10 cane toads
  A torpor snail (Lair:2)
  A gargoyle (D:12)
  A freezing wraith (D:14)
  A rime drake (Lair:3)
  2 unseen horrors
  2 kobold demonologists (D:11)
  A komodo dragon (Lair:1)
  A yaktaur (D:14)
  An efreet (D:13)
  An ancient zyme (Abyss:3)
  2 tengu conjurers (D:14)
  5 trolls
  Prince Ribbit (D:5)
  10 blink frogs
  A jumping spider (Lair:3)
  10 slime creatures
  5 wyverns
  2 wraiths
  2 shadows
  22 yaks
  3 basilisks
  A neqoxec (Abyss:3)
  A hog (shapeshifter) (D:13)
  18 humans (D:14)
  Eustachio (D:6)
  The ghost of Yashakami the Trooper, an amateur HuFi (D:3)
  A redback (Lair:3)
  15 vampire mosquitoes
  5 acid dragons
  13 water moccasins
  Duvessa (D:6)
  7 orc warriors
  5 ice beasts
  A black bear (D:8)
  7 wolves
  5 centaurs
  A phantom (D:6)
  A small abomination (Abyss:3)
  3 gnoll sergeants
  A kobold brigand (D:11)
  A scorpion (D:4)
  6 bullfrogs
  12 wights
  Dowan (D:6)
  8 killer bees
  A howler monkey (D:11)
  2 hounds
  A jelly (D:6)
  8 orc priests
  4 sleepcaps
  Jessica (D:2)
  4 iguanas
  9 orc wizards
  10 hell rats
  2 scorpion zombies (D:3)
  13 mummies (Ossuary)
  11 gnolls
  9 adders
  3 worms
  A dart slug (D:3)
  37 orcs
  8 ball pythons
  7 endoplasms
  A giant cockroach (D:3)
  9 goblins
  10 hobgoblins
  4 quokkas
  8 bats
  4 frilled lizards (D:1)
  2 gnoll skeletons (Ossuary)
  3 goblin skeletons (Ossuary)
  A jackal zombie (D:7)
  8 kobolds
  2 kobold skeletons (Ossuary)
  An orc skeleton (Ossuary)
  22 rats
  11 rat skeletons (Ossuary)
  A rat zombie (D:7)
  A lurking horror (Lair:2)
457 creatures vanquished.

Vanquished Creatures (others)
  2 foxfires (Abyss:3)
  A starspawn tentacle (Abyss:3)
3 creatures vanquished.

Grand Total: 460 creatures vanquished

Notes
Turn   | Place    | Note
-------+----------+-------------------------------------------
     0 | D:1      | DemonSlayer the Demonspawn Earth Elementalist began the
                  | quest for the Orb.
     0 | D:1      | Reached XP level 1. HP: 13/13 MP: 3/3
   187 | D:1      | Gained mutation: You have a somewhat thin skeletal
                  | structure. (Dex +2, Stealth+) [demonic ancestry]
   187 | D:1      | Reached XP level 2. HP: 19/19 MP: 3/5
   190 | D:1      | Learned a level 2 spell: Passwall
   509 | D:1      | Found a faded altar of an unknown god.
   607 | D:1      | Reached skill level 2 in Stealth
   745 | D:1      | Reached XP level 3. HP: 21/24 MP: 1/6
  1039 | D:1      | Learned a level 3 spell: Stone Arrow
  1477 | D:2      | Noticed Jessica
  1483 | D:2      | Killed Jessica
  1484 | D:2      | Gained mutation: Spells you cast may paralyse adjacent
                  | enemies. [demonic ancestry]
  1484 | D:2      | Reached XP level 4. HP: 19/30 MP: 3/8
  1980 | D:2      | Learned a level 3 spell: Summon Guardian Golem
  2409 | D:3      | Reached skill level 3 in Stealth
  2409 | D:3      | Reached XP level 5. HP: 36/36 MP: 3/9
  2588 | D:3      | Found a runed translucent gate.
  2588 | D:3      | Found a runed translucent gate.
  2588 | D:3      | Found a runed translucent gate.
  2588 | D:3      | Noticed Yashakami's ghost (amateur HuFi)
  2590 | D:3      | Found a basalt altar of Yredelemnul.
  3274 | D:4      | Found an ornate altar of the Wu Jian Council.
  3365 | D:4      | Reached XP level 6. HP: 26/42 MP: 7/11
  3464 | D:4      | Reached skill level 1 in Fighting
  3465 | D:4      | Reached skill level 4 in Stealth
  3569 | D:4      | Found a blossoming altar of Fedhas.
  3583 | D:4      | You fall into a shaft and drop 2 floors!
  3622 | D:6      | Noticed an ice beast
  3633 | D:6      | Killed an ice beast
  3634 | D:6      | Reached skill level 1 in Short Blades
  3717 | D:6      | Noticed a wyvern
  3726 | D:6      | Killed a wyvern
  3727 | D:6      | Gained mutation: Spells you cast may paralyse nearby
                  | enemies. [demonic ancestry]
  3727 | D:6      | Reached XP level 7. HP: 44/48 MP: 8/13
  3780 | D:5      | Entered Level 5 of the Dungeon
  3784 | D:5      | Reached skill level 5 in Stealth
  4201 | D:4      | Found a staircase to the Ecumenical Temple.
  4211 | Temple   | Entered the Ecumenical Temple
  4313 | Temple   | Became a worshipper of Dithmenos the Shadowed
  4824 | D:4      | Learned a level 4 spell: Petrify
  5148 | D:3      | Killed Yashakami's ghost
  5327 | D:5      | Gained mutation: Spells you cast and wands you use may
                  | paralyse nearby enemies. [demonic ancestry]
  5327 | D:5      | Reached XP level 8. HP: 54/54 MP: 15/15
  5415 | D:5      | Reached skill level 6 in Stealth
  5415 | D:5      | Reached skill level 5 in Spellcasting
  5415 | D:5      | Reached skill level 5 in Earth Magic
  5558 | D:5      | Noticed Prince Ribbit
  5596 | D:5      | Killed Prince Ribbit
  5621 | D:5      | Learned a level 3 spell: Ignite Poison
  5697 | D:6      | Reached skill level 7 in Stealth
  5697 | D:6      | Noticed Dowan
  5698 | D:6      | Noticed Duvessa
  5711 | D:6      | Killed Duvessa
  5721 | D:6      | Killed Dowan
  5819 | D:6      | Noticed Eustachio
  5858 | D:6      | Killed Eustachio
  5859 | D:6      | Gained mutation: You regenerate magic rapidly. [demonic
                  | ancestry]
  5859 | D:6      | Reached XP level 9. HP: 56/61 MP: 17/17
  6059 | D:6      | Reached * piety under Dithmenos
  6575 | D:7      | Found a radiant altar of Vehumet.
  6825 | D:7      | Found a sand-covered staircase.
  6835 | Ossuary  | Entered an ossuary
  6930 | Ossuary  | Reached ** piety under Dithmenos
  7368 | D:7      | Learned a level 5 spell: Metabolic Englaciation
  7556 | D:8      | Reached skill level 8 in Stealth
  7699 | D:8      | Found a staircase to the Lair.
  8033 | D:8      | Identified the +1 ring mail of Luturuz {Regen+}
  8108 | Lair:1   | Entered Level 1 of the Lair of Beasts
  8108 | Lair:1   | Noticed a cane toad
  8111 | Lair:1   | Killed a cane toad
  8112 | Lair:1   | Reached XP level 10. HP: 67/67 MP: 20/20
  8200 | Lair:1   | Noticed a cane toad
  8228 | Lair:1   | Killed a cane toad
  8321 | Lair:1   | Noticed a cane toad
  8331 | Lair:1   | Killed a cane toad
  8332 | Lair:1   | Reached skill level 9 in Stealth
  8608 | Lair:1   | You fall into a shaft and drop 1 floor!
  8719 | Lair:2   | Found a one-way gate to the infinite horrors of the Abyss.
  8720 | Lair:2   | Noticed a cane toad
  8722 | Lair:2   | Found a corrupted altar of Lugonu.
  8723 | Lair:2   | Noticed a cane toad
  8730 | Lair:2   | Killed a cane toad
  8733 | Lair:2   | Reached *** piety under Dithmenos
  8836 | Lair:2   | Killed a cane toad
  8857 | Lair:2   | Noticed a torpor snail
  8877 | Lair:2   | Killed a torpor snail
  8917 | Lair:2   | Noticed a cane toad
  8935 | Lair:2   | Killed a cane toad
  9064 | Lair:2   | Reached skill level 1 in Conjurations
  9143 | Lair:2   | Reached XP level 11. HP: 53/73 MP: 20/23
  9241 | Lair:2   | Found a staircase to the Swamp.
  9899 | Lair:1   | Reached skill level 10 in Stealth
 10693 | Lair:3   | Reached **** piety under Dithmenos
 10960 | Lair:3   | Reached skill level 11 in Stealth
 11151 | Lair:3   | Gained mutation: You have a small tail. [demonic ancestry]
 11151 | Lair:3   | Reached XP level 12. HP: 81/81 MP: 23/25
 11174 | Lair:3   | Found a hole to the Spider Nest.
 11745 | D:9      | Found Afrent's Antique Weapon Boutique.
 11782 | D:9      | Found Lykikh's General Store.
 11925 | D:9      | Identified the amulet "Qowk" {Rampage +Blink Regen+ Stlth+}
 12035 | D:9      | Found Gatel's Weapon Shoppe.
 12078 | D:9      | Found Giolohadi's Armour Emporium.
 12110 | D:9      | Found Sees's Antique Weapon Emporium.
 12419 | D:9      | Found a shimmering altar of Xom.
 12422 | D:9      | Noticed a two-headed ogre
 12429 | D:9      | Killed a two-headed ogre
 12641 | D:9      | Bought a scroll of identify for 28 gold pieces
 12641 | D:9      | Bought a potion of magic for 112 gold pieces
 12684 | D:10     | Entered Level 10 of the Dungeon
 12891 | D:10     | Reached ***** piety under Dithmenos
 12898 | D:10     | Reached skill level 1 in Armour
 13198 | D:10     | Reached skill level 12 in Stealth
 13606 | D:11     | Noticed a five-headed hydra
 13606 | D:11     | Noticed a seven-headed hydra
 13606 | D:11     | Noticed a two-headed ogre
 13608 | D:11     | Killed a two-headed ogre
 13610 | D:11     | Reached skill level 5 in Conjurations
 13610 | D:11     | Killed a five-headed hydra
 13611 | D:11     | Killed a seven-headed hydra
 13732 | D:11     | Found a blossoming altar of Fedhas.
 13739 | D:11     | Reached skill level 13 in Stealth
 14041 | D:11     | Reached skill level 10 in Spellcasting
 14286 | D:11     | Learned a level 3 spell: Swiftness
 14384 | D:12     | Reached skill level 5 in Short Blades
 14511 | D:12     | Reached XP level 13. HP: 81/86 MP: 21/27
 15151 | D:12     | Found a staircase to the Orcish Mines.
 15682 | D:13     | Reached skill level 5 in Dodging
 15704 | D:13     | Reached skill level 14 in Stealth
 16249 | D:14     | Reached skill level 10 in Earth Magic
 16852 | D:14     | Found Qeusyimo's Magic Scroll Shoppe.
 16852 | D:14     | Found Zisyar's Assorted Antiques.
 16857 | D:14     | Found Geodigoz's Weapon Shoppe.
 16858 | D:14     | Found Ziretut's Antique Armour Shoppe.
 17635 | D:14     | Found a gate to the Vaults.
 17663 | Abyss:3  | Cast into level 3 of the Abyss (a wizard)
 17710 | Abyss:3  | Found a corrupted altar of Lugonu.
 17716 | Abyss:3  | Noticed a starcursed mass
 17798 | Abyss:3  | Found a corrupted altar of Lugonu.
 17799 | Abyss:3  | Found a corrupted altar of Lugonu.
 17909 | Abyss:3  | Noticed a starcursed mass
 17927 | Abyss:3  | Found a corrupted altar of Lugonu.
 17929 | Abyss:3  | Found a corrupted altar of Lugonu.
 17935 | Abyss:3  | Reached ****** piety under Dithmenos
 17941 | Abyss:3  | Noticed a tentacled starspawn
 17955 | Abyss:3  | Noticed a bone dragon
 17986 | Abyss:3  | HP: 1/88 [tentacled starspawn (8)]
 17988 | Abyss:3  | Mangled by a tentacled starspawn

Illustrated notes

Levels and vault maps discovered:
D:1:      grunt_arrival_lava_bath, layout_rooms,
          hellmonk_ecumenical_altar_lost_god, serial_bayou_pond_b,
          chequers_big_river
D:2:      layout_loops_corners, serial_park_tiny_pond, uniq_jessica
D:3:      layout_loops_corners, nicolae_yredelemnul_ghost_church
D:4:      minmay_chambers_of_twos, layout_basic,
          mainiacjoe_overflow_catch_the_wave, minmay_temple_entry_antechambers,
          minmay_rat_hole
D:5:      layout_basic, uniq_prince_ribbit1
D:6:      layout_layer_cave, minmay_door_square, uniq_duvessa, uniq_eustachio
D:7:      layout_rooms, vehumet_crystals, enter_ossuary_3
D:8:      layout_rooms, lair_entry_dummy
D:9:      wad_crossroads, layout_basic, mainiacjoe_overflow_cross_hatched,
          serial_shops, shop, nicolae_shop_bloodbath_and_beyond, shop, shop,
          nicolae_shop_tiny_real_fake_doors
D:10:     layout_gridville, hangedman_abyss_or_decor_passed, minmay_fountain_box
D:11:     layout_irregular_city, minivault_25_ag, fedhas_altar_3
D:12:     layout_basic, hiddenorc1_lemuel
D:13:     layout_roguey, zin_treasury
D:14:     layout_roguey, grunt_vaults_entry_tiered, roderic_serpentine_path,
          enter_trove_5, minmay_shop_grid_forest
Temple:   minmay_crystal_spiral_temple
Lair:1:   layout_misc_corridors, grunt_megastairs_1
Lair:2:   layout_cave_pods, minmay_swamp_entry_wisps,
          amcnicky_altar_lugonu_corruption
Lair:3:   layout_cellular_growth, spider_nest_entry_a
Abyss:3:  base: D:13, hangedman_abyss_or_decor_slice

Skill      XL: |  1  2  3  4  5  6  7  8  9 10 11 12 13 |
---------------+----------------------------------------+-----
Earth Magic    | 3 4 5 6 8 9 10 | 10.5
Stealth        | 2 3 4 5 7 8 9 11 13 14 | 14.7
Dodging        | 2 3 4 5 |  5.7
Spellcasting   | 3 4 5 7 8 9 10 | 10.8
Fighting       | 1 2 3 |  3.7
Short Blades   | 1 2 3 4 5 6 |  6.1
Conjurations   | 1 4 5 6 |  6.3
Armour         | 2 3 |  3.0
Transmutations | |  0.8
Evocations     | |  0.4

Action                     |  1- 3 |  4- 6 |  7- 9 | 10-12 | 13-15 || total
---------------------------+-------+-------+-------+-------+-------++-------
  Melee: Dagger            |    18 |    35 |   111 |   168 |    89 ||   421
         Punch             |       |       |     2 |     1 |     2 ||     5
         Tailslap          |       |       |       |     6 |     6 ||    12
  Throw: Throwing net      |       |       |       |       |     1 ||     1
   Cast: Sandblast         |    39 |    46 |   134 |    23 |       ||   242
         Stone Arrow       |       |       |       |   164 |   109 ||   273
  Evoke: Wand              |       |       |       |     4 |     5 ||     9
    Use: Scroll            |       |       |     7 |    14 |     6 ||    27
         Potion            |       |       |     1 |     1 |     3 ||     5
   Stab: Sleeping          |    12 |    16 |    36 |    51 |    24 ||   139
         Paralysed         |       |    14 |    38 |    64 |    31 ||   147
 Armour: Robe              |    10 |     7 |    24 |     7 |       ||    48
         Troll leather arm |       |       |       |     8 |    19 ||    27
  Dodge: Dodged            |    23 |    16 |   125 |   184 |   108 ||   456
